 Dungeon Crawl Stone Soup version 0.30.0-29-ga12c61a403 (webtiles) character file.

Game seed: 6892348286988774501

136 monsoonserge the Ruffian (level 5, -1/41 HPs)
             Began as a Ghoul Gladiator on June 14, 2023.
             Was a High Priest of Ignis.
             Slain by an orc wizard
             ... wielding a +0 dagger of protection
              (2 damage)
             ... on level 4 of the Dungeon.
             The game lasted 00:06:58 (2313 turns).

monsoonserge the Ruffian (Ghoul Gladiator)          Turns: 2313, Time: 00:06:58

Health: -1/41      AC: 14    Str: 20    XL:     5   Next: 19%
Magic:  4/4        EV: 10    Int:  9    God:    Ignis [*****.]
Gold:   139        SH:  0    Dex: 10    Spells: 4/4 levels left

rFire   + .          .
                       - Unarmed
rCold   + . .        (no shield)
rNeg    + + +        r - +0 scale mail
rPois   ∞            b - +0 helmet
rElec   .            (no cloak)
rCorr   .            (no gloves)
SInv    .            (no boots)
Will    .....        (no amulet) Stlth
                     g - +6 ring of intelligence
HPRegen 0.00/turn    (no ring)
MPRegen 0.09/turn

%: no passive effects
@: confused, fiery-armoured, inhibited regen
A: claws 1, cold resistance 1, negative energy resistance 3, inhibited
regeneration, torment resistance 2, devour on kill
a: Renounce Religion, Fiery Armour, Foxfire Swarm, Rising Flame


You were on level 4 of the Dungeon.
You worshipped Ignis.
Ignis was extremely pleased with you.
You visited 1 branch of the dungeon, and saw 4 of its levels.

You collected 139 gold pieces.

Inventory:

Missiles
 c - 5 throwing nets
 d - a javelin
 m - 8 poisoned darts (quivered)
Armour
 a - a +0 leather armour
 b - a +0 helmet (worn)
 i - a +0 ring mail
 r - a +0 scale mail (worn)
Jewellery
 g - a +6 ring of intelligence (left claw)
Scrolls
 e - a scroll of fog {unknown}
 f - a scroll of teleportation {unknown}
 k - 3 scrolls of identify {unknown}
 l - a scroll of torment {unknown}
 n - 2 scrolls of noise {unknown}
 o - a scroll of amnesia {unknown}
 s - a scroll of poison {unknown}
Potions
 h - a potion of invisibility {unknown}
 j - 2 potions of curing {unknown}
 p - 2 potions of magic {unknown}
 q - a potion of flight {unknown}
 t - 2 potions of haste {unknown}


   Skills:
 + Level 2.2 Fighting
 + Level 1.8 Throwing
 + Level 1.8 Armour
 + Level 3.2 Dodging
 * Level 5.2 Unarmed Combat


You had 4 spell levels left.
You didn't know any spells.
Your spell library contained the following spells:

 Spells                   Type           Power      Damage    Failure   Level
 Ensorcelled Hibernation  Hex/Ice        0%         N/A       87%         2
 Gell's Gravitas          Tloc           0%         N/A       98%         3
 Teleport Other           Tloc           0%         N/A       98%         3
 Anguish                  Hex/Necr       0%         N/A       100%        4
 Animate Armour           Summ/Erth      0%         N/A       100%        4
 Dispersal                Tloc           0%         N/A       100%        6
 Iron Shot                Conj/Erth      0%         9d1       100%        6
 Spider Form              Tmut/Pois      Unusable   N/A       N/A         3
 Blade Hands              Tmut           Unusable   N/A       N/A         5

Dungeon Overview and Level Annotations

Branches:
Dungeon (4/15)
 Temple: D:4-7

Altars:
Ignis

Shops:
D:1 :


Innate Abilities, Weirdness & Mutations

You are immune to poison.
You have sharp fingernails.
Your flesh is cold resistant. (rC+)
You are immune to negative energy. (rN+++)
You do not regenerate when monsters are visible.
You are immune to unholy pain and torment.
You thrive by killing the living.


Message History

The orc priest hits you but does no damage.
The orc priest is burned by your cloak of flames.
The orc priest is severely wounded.
You scratch the orc priest.
You kill the orc priest!
The orc hits you but does no damage.
The orc is burned by your cloak of flames.
The orc is heavily wounded.
Something hits you.
* * * LOW HITPOINT WARNING * * *
The orc hits you but does no damage.
The orc is burned by your cloak of flames.
The orc is heavily wounded.
You have reached level 5!
You feel stronger.
You scratch the orc.
The orc is almost dead.
The orc closely misses you. Something hits you but does no damage.
The orc hits you but does no damage.
The orc is burned by your cloak of flames.
You kill the orc!
Unknown command.
You barely miss the orc.
The orc is heavily wounded.
The orc hits you with a +0 club.
* * * LOW HITPOINT WARNING * * *
The orc is burned by your cloak of flames.
The orc is severely wounded.
You hear some strange, mumbled words.
You are confused.
You bump into the stone wall.
The orc hits you with a +0 club.
* * * LOW HITPOINT WARNING * * *
The orc is burned by your cloak of flames.
You kill the orc!
Something hits you.
* * * LOW HITPOINT WARNING * * *
Unknown command.
You closely miss something.
You bump into the stone wall.
Something hits you.
You die...

..##....#### #####
...........# #!..#
..###......######...#
..# #..........>....#
### #......#####....#
....######
##...###### ..#..
#.........# . ##.
.######.........# ..
.......@.[......#
...####.).......#
......).).......#
....###..$......# ..
#.........#
#.........#
(.........#
...######### # ...


There were no monsters in sight!

Vanquished Creatures
  An orc priest (D:4)
  4 adders
  A worm (D:2)
  A dart slug (D:4)
  5 orcs
  7 endoplasms
  2 giant cockroaches (D:1)
  7 goblins
  4 hobgoblins
  2 jackals (D:2)
  2 quokkas (D:2)
  2 ball pythons
  4 bats
  4 frilled lizards
  5 kobolds
  7 rats
58 creatures vanquished.

Notes
Turn   | Place    | Note
-------+----------+-------------------------------------------
     0 | D:1      | monsoonserge the Ghoul Gladiator began the quest for the
                  | Orb.
     0 | D:1      | Reached XP level 1. HP: 17/17 MP: 0/0
    26 | D:1      | Found Ubilong's Book Shoppe.
   332 | D:1      | Reached XP level 2. HP: 17/24 MP: 1/1
   796 | D:2      | Reached skill level 4 in Unarmed Combat
   896 | D:2      | Found a faded altar of an unknown god.
   922 | D:2      | Prayed at the altar of an unknown god.
   922 | D:2      | Became a worshipper of Ignis, the Dying Flame
  1126 | D:2      | Reached XP level 3. HP: 26/29 MP: 2/2
  1729 | D:3      | Reached XP level 4. HP: 27/36 MP: 3/3
  2090 | D:4      | Reached skill level 1 in Armour
  2231 | D:4      | Reached skill level 5 in Unarmed Combat
  2308 | D:4      | Reached XP level 5. HP: 9/41 MP: 4/4
  2310 | D:4      | HP: 1/41 [something (3)]
  2313 | D:4      | Slain by an orc wizard

Illustrated notes

Levels and vault maps discovered:
D:1:      roderic_crop_circles_arrival_small, layout_loops_cross, serial_shops,
          nicolae_shop_stone, dk_noncrumbling_3
D:2:      wad_lake_hut, layout_loops_ring, hellmonk_ecumenical_altar_arch_garden
D:3:      layout_rooms, elyvilon_altar_4
D:4:      layout_rooms, nzn_wu_jian_council_hall,
          minmay_temple_entry_drinking_statues, nicolae_figureground_sparkle

Skill      XL: |  1  2  3  4 |
---------------+-------------+-----
Unarmed Combat | 4 5 |  5.2
Dodging        | 3 |  3.2
Armour         | 1 |  1.8
Fighting       | |  2.2
Throwing       | |  1.8

Action                     |  1- 3 |  4- 6 || total
---------------------------+-------+-------++-------
  Melee: Unarmed           |    95 |    50 ||   145
         Dagger            |    28 |       ||    28
         Punch             |     2 |       ||     2
 Invoke: Fiery Armour      |       |     1 ||     1
 Armour: Leather armour    |    34 |       ||    34
         Ring mail         |     4 |     9 ||    13
         Scale mail        |       |    10 ||    10
  Dodge: Dodged            |    68 |    28 ||    96
